 Dungeon Crawl Stone Soup version 0.20-a0-4-gd166d5d (console) character file.

821 brucemayne the Cleaver (level 7, -1/57 HPs)
             Began as a Hill Orc Monk on Oct 31, 2016.
             Was a Believer of Makhleb.
             Slain by a killer bee zombie (4 damage)
             ... on level 9 of the Dungeon.
             The game lasted 00:11:23 (2319 turns).

brucemayne the Cleaver (Hill Orc Monk)              Turns: 2319, Time: 00:11:24

Health: -1/57      AC: 12    Str: 16    XL:     7   Next: 95%
Magic:  7/7        EV:  5    Int: 10    God:    Makhleb [**....]
Gold:   114        SH:  0    Dex: 13    Spells: 0 memorised, 6 levels left

rFire  . . .     SeeInvis .     h - +0 hand axe (chop)
rCold  . . .     Gourm    .     u - +0 plate armour
rNeg   . . .     Faith    .     (no shield)
rPois  .         Spirit   .     d - +1 helmet
rElec  .         Reflect  .     (no cloak)
rCorr  .         Harm     .     (no gloves)
MR     .....                    (no boots)
Stlth  ..........               (no amulet)
                                (no ring)
                                (no ring)

@: slowed, very slow
A: no striking features
a: Minor Destruction, Renounce Religion


You were on level 9 of the Dungeon.
You worshipped Makhleb.
Makhleb was pleased with you.
You were not hungry.

You visited 2 branches of the dungeon, and saw 10 of its levels.

You collected 114 gold pieces.

Inventory:

Hand Weapons
 a - a +1 hand axe
 h - a +0 hand axe of chopping (weapon)
 m - a +0 hand axe
 v - a cursed -2 blowgun
Missiles
 x - 9 poisoned needles
Armour
 b - a +0 robe
 d - a +1 helmet (worn)
 g - a +0 ring mail
 u - a +0 plate armour (worn)
Scrolls
 e - 5 scrolls of remove curse
 i - 2 scrolls of identify
 k - a scroll of enchant armour
 l - a scroll of fog {unknown}
 p - a scroll of teleportation
 s - 2 scrolls of random uselessness {unknown}
 t - a scroll of fear
Potions
 r - a potion of brilliance
Comestibles
 c - 2 bread rations
 n - a meat ration
 w - 12 fruits


   Skills:
 - Level 3.6 Fighting
 + Level 11.7 Axes
 - Level 2.4 Dodging
 - Level 1.5 Stealth


You had 6 spell levels left.
You didn't know any spells.

Dungeon Overview and Level Annotations

Branches:
Dungeon (9/15)             Temple (1/1) D:6
   Lair: D:8-11         Orc: D:9-12

Altars:
Hepliaklqana
Makhleb
Qazlal
Sif Muna
Uskayaw
Vehumet
Xom
Zin
The Shining One

Annotations:
D:5 Edmund


Message History

The mottled dragon moves out of view.
The killer bee zombie barely misses you.
Found a stone staircase leading down.
Okay, then.
Press: ? - help, v - describe, . - travel
Here: a killer bee zombie The floor.
Okay, then.
The killer bee zombie hits you but does no damage.
The killer bee zombie hits you but does no damage. x2
As you read the scroll labeled MILORR ZARUE, it crumbles to dust.
You assume a fearsome visage.
The killer bee zombie is unaffected.
The orc warrior looks frightened!
The orc looks frightened!
It was a scroll of fear.
The killer bee zombie hits you but does no damage.
The killer bee zombie barely misses you.
The killer bee zombie hits you but does no damage.
The killer bee zombie hits you but does no damage.
The killer bee zombie hits you.
You die...

........)..Z...........#
.##.(......#......o..#.#
######...#.o.o.....#.#
#...#.........#
#...#........$#
#...#####o##8###
.................
.......Z.######.
.......@....#
.......>.......
.........#.####
.........#.#
...#######.# ..# .#


You could see an orc wizard, an orc (fleeing) and a killer bee zombie.

Vanquished Creatures
  Grinder (D:6)
  3 centaurs
  A bullfrog (D:8)
  A hound (D:6)
  An orc priest (D:6)
  A bullfrog skeleton (D:8)
  An iguana (D:8)
  A worker ant zombie (D:7)
  Robin (D:2)
  2 gnolls (D:8)
  6 adders
  An ooze (D:2)
  An adder skeleton (D:6)
  2 dart slugs
  5 leopard geckos
  15 orcs
  6 giant cockroaches
  12 goblins
  6 hobgoblins
  7 jackals
  A quokka (D:2)
  A ball python (D:3)
  2 bats
  3 frilled lizards
  9 kobolds
  3 rats
93 creatures vanquished.

Notes
Turn   | Place    | Note
-------+----------+-------------------------------------------
     0 | D:1      | brucemayne the Hill Orc Monk began the quest for the Orb.
     0 | D:1      | Reached XP level 1. HP: 19/19 MP: 1/1
    89 | D:1      | Reached XP level 2. HP: 23/26 MP: 2/2
   101 | D:1      | Reached skill level 5 in Axes
   384 | D:2      | Reached XP level 3. HP: 28/31 MP: 3/3
   542 | D:2      | Reached skill level 6 in Axes
   564 | D:2      | Noticed Robin
   581 | D:2      | Reached XP level 4. HP: 17/39 MP: 4/4
   591 | D:2      | Killed Robin
   788 | D:3      | Reached skill level 7 in Axes
   902 | D:3      | Reached XP level 5. HP: 20/45 MP: 5/5
   913 | D:3      | Found a glowing golden altar of the Shining One.
  1111 | D:4      | Found a stormy altar of Qazlal.
  1116 | D:4      | Noticed an air elemental
  1117 | D:4      | Noticed a fire elemental
  1117 | D:4      | Noticed a water elemental
  1131 | D:5      | Entered Level 5 of the Dungeon
  1226 | D:5      | You fall through a shaft for 3 floors!
  1231 | D:8      | Noticed a centaur
  1238 | D:8      | Killed a centaur
  1238 | D:8      | Reached skill level 8 in Axes
  1238 | D:8      | Reached skill level 9 in Axes
  1238 | D:8      | Reached XP level 6. HP: 13/51 MP: 6/6
  1378 | D:7      | Noticed a yak
  1378 | D:7      | Noticed a yak
  1380 | D:7      | Noticed a yak
  1472 | D:7      | Noticed a hungry ghost
  1494 | D:6      | Found a staircase to the Ecumenical Temple.
  1500 | Temple   | Entered the Ecumenical Temple
  1550 | Temple   | Became a worshipper of Makhleb the Destroyer
  1550 | Temple   | Reached * piety under Makhleb
  1550 | Temple   | Reached ** piety under Makhleb
  1658 | D:7      | Noticed an ice beast
  1691 | D:6      | Noticed a dagger
  1696 | D:5      | Noticed Grinder
  1696 | D:5      | Noticed Edmund
  1713 | D:6      | Paralysed by Grinder for 7 turns
  1723 | D:6      | Killed Grinder
  1723 | D:6      | Reached skill level 10 in Axes
  1723 | D:6      | Reached XP level 7. HP: 27/57 MP: 7/7
  1726 | D:6      | Noticed a hand axe
  1730 | D:6      | Found a hide-covered altar of Uskayaw.
  1772 | D:6      | Reached skill level 11 in Axes
  2283 | D:9      | Found a hazy altar of Hepliaklqana.
  2306 | D:9      | Noticed a hill giant
  2311 | D:9      | HP: 1/57 [hill giant/giant spiked club (10)]
  2315 | D:9      | Noticed a mottled dragon
  2319 | D:9      | Slain by a killer bee zombie

Vault maps used:
D:1:      tarquinn_simple_flora_water_d
D:2:      first_bread, uniq_jessica, uniq_robin
D:3:      lemuel_doored_altar
D:4:      nemelex_xobeh_ov_fountains_minmay, nicolae_qazlal_style_of_elements,
          uniq_blork_the_orc, uniq_duvessa, uniq_natasha
D:5:      serial_glass, glass_columns_b, glass_columns_a, dk_vineyard_2,
          uniq_grinder, uniq_edmund
D:6:      dancing_weapons_uskayaw
D:7:      serial_shops, nicolae_shop_stone, serial_park_tiny_2,
          grunt_decor_arrowhead, minmay_misc_feat_four_crosses
D:8:      serial_shops, shop
D:9:      grunt_temple_overflow_open, old_standard_altar, erik_lair_dragon,
          hangedman_fish_farm, minmay_the_grid_3x2
Temple:   minmay_temple_curvy_loop

Skill      XL: |  1  2  3  4  5  6  7 |
---------------+----------------------+-----
Axes           | 5 6 7 9 10 11 | 11.7
Fighting       | |  3.6
Dodging        | |  2.4
Stealth        | |  1.5

Action                   |  1- 3 |  4- 6 |  7- 9 || total
-------------------------+-------+-------+-------++-------
Melee: Hand axe          |    97 |   206 |    57 ||   360
Invok: Minor Destruction |       |       |     2 ||     2
  Use: Potion            |     3 |     5 |     2 ||    10
       Scroll            |       |     2 |     5 ||     7
 Stab: Sleeping          |     1 |     1 |       ||     2
  Eat: Chunk             |       |     3 |     1 ||     4
       Beef jerky        |       |       |     1 ||     1
Armor: Robe              |     7 |       |       ||     7
       Ring mail         |    28 |    66 |       ||    94
       Plate armour      |       |    25 |    59 ||    84
Dodge: Dodged            |    84 |   119 |    21 ||   224
